 Dungeon Crawl Stone Soup version 0.31-a0-728-g01b46875f1 (webtiles) character file.

Game seed: 13624186505315384003

660 Newt the Covered (level 7, -2/44 HPs)
             Began as a Gargoyle Fighter on Sept 11, 2023.
             Slain by a gnoll
             ... wielding a +0 halberd
             ... led by a gnoll bouda
              (7 damage)
             ... on level 5 of the Dungeon.
             The game lasted 00:03:57 (3953 turns).

Newt the Covered (Gargoyle Fighter)                 Turns: 3953, Time: 00:03:57

Health: -2/44      AC: 14    Str: 21    XL:     7   Next: 56%
Magic:  7/7        EV:  9    Int:  9    God:
Gold:   308        SH:  5    Dex:  9    Spells: 6/6 levels left

rFire   . . .        a - +1 flail
rCold   . . .        c - +1 buckler
rNeg    + . .        b - +0 scale mail
rPois   ∞            (no helmet)
rElec   +            k - +0 cloak
rCorr   .            h - +0 pair of gloves
SInv    .            (no boots)
Will    .....        (no amulet) Stlth
                     (no ring)
HPRegen 0.27/turn    (no ring)
MPRegen 0.10/turn

%: no passive effects
@: attractive
A: sickness immunity, AC +4, negative energy resistance 1, electricity
resistance, torment resistance 1, petrification resistance
a: no special abilities


You were on level 5 of the Dungeon.
You visited 1 branch of the dungeon, and saw 5 of its levels.

You collected 308 gold pieces.

Inventory:

Hand Weapons
 a - a +1 flail (weapon)
 l - a +2 halberd of venom
Missiles
 e - 5 darts of dispersal
 n - a javelin
 r - 4 poisoned darts
Armour
 b - a +0 scale mail (worn)
 c - a +1 buckler (worn)
 h - a +0 pair of gloves (worn)
 k - a +0 cloak (worn)
Scrolls
 j - a scroll of teleportation
 q - 2 scrolls of fog
 s - a scroll of enchant armour
Potions
 d - a potion of might
 f - a potion of degeneration
 g - a potion of brilliance
 i - a potion of enlightenment
 m - a potion of haste
 p - a potion of mutation {unknown}
 t - a potion of curing {unknown}


   Skills:
 - Level 5.0 Fighting
 + Level 5.9 Maces & Flails
 - Level 6.0 Armour
 - Level 3.2 Shields


You had 6 spell levels left.
You didn't know any spells.
Your spell library contained the following spells:

 Spells                   Type           Power      Damage    Failure   Level
 Ignite Poison            Fire/Tmut/Pois 0%         N/A       98%         3
 Tukima's Dance           Hex            0%         N/A       98%         3
 Animate Armour           Summ/Erth      0%         N/A       100%        4
 Passage of Golubria      Tloc           0%         N/A       100%        4
 Summon Lightning Spire   Summ/Air       0%         N/A       100%        4
 Freezing Cloud           Conj/Ice/Air   0%         6-21      100%        5
 Lee's Rapid Deconstruct  Erth           0%         3d4*      100%        5
 Yara's Violent Unravell  Hex/Tmut       0%         3d3       100%        5
 Cigotuvi's Dreadful Rot  Necr/Pois/Air  Unusable   N/A       N/A         2

Dungeon Overview and Level Annotations

Branches:
Dungeon (5/15)
 Temple: D:4-7

Altars:
Dithmenos
Fedhas
Qazlal
Vehumet

Annotations:
D:4 2 transporters, cforsyth's ghost, novice DjCK


Innate Abilities, Weirdness & Mutations

You are immune to sickness and miasma.
Your stone body is resilient. (AC +4)
You are immune to poison.
You resist negative energy. (rN+)
You are resistant to electric shocks. (rElec)
You are resistant to unholy torment.
You are immune to petrification.


Message History

The gnoll attacks as it pursues you! The gnoll hits you but does no damage.
Found a radiant altar of Vehumet.
The gnoll bouda barks out a call to the hunt!
The gnoll picks up the pace!
You thump the gnoll!
You kill the gnoll!
You block the gnoll's attack.
You sock the gnoll bouda!
The gnoll bouda is heavily wounded.
The gnoll bouda barely misses you. The gnoll closely misses you.
You sock the gnoll bouda!
You kill the gnoll bouda!
The gnoll hits you from afar with a +0 halberd!
You hit the gnoll.
The gnoll is moderately wounded.
The gnoll hits you from afar with a +0 halberd!
The gnoll closely misses you.
You hit the gnoll.
The gnoll is heavily wounded.
The gnoll barely misses you. x2; The gnoll hits you but does no damage.
You barely miss the gnoll.
The gnoll is heavily wounded.
The gnoll hits you with a +0 flail!
* * * LOW HITPOINT WARNING * * *
The gnoll hits you from afar with a +0 halberd.
* * * LOW HITPOINT WARNING * * *
The gnoll hits you but does no damage.
Okay, then.
Throw: 2 javelins
Press: ? - help, Shift-Dir - straight line, f - gnoll
Aim: a gnoll, wielding a +0 flail (heavily wounded, 56% to hit)
You throw a javelin. The javelin closely misses the gnoll.
The javelin barely misses the gnoll.
The gnoll hits you but does no damage. x2
Unknown command.
Unknown command.
It was a potion of attraction.
You feel attractive to monsters.
The gnoll hits you from afar with a +0 halberd!
You die...

#... .. #...# #.. #..# #...
#..####.... # #........> P.###
#......# _._._# #...####
...P..### ##..## # ..⌠...P@#
#..## # ###...P.##g######g.# #
##.###+###.g.##.....## ###
##...##..........g....#
..###...#######.....####......
.......## ##.....### ##....#
#.......####.......# ..###
...##........†..(...# ..#
..####..........##..# ..#


You could see 2 gnolls.

Vanquished Creatures
  An ogre (D:3)
  2 phantoms (D:4)
  A scorpion (D:5)
  3 hounds
  A gnoll bouda (D:5)
  An iguana (D:5)
  Jessica (D:2)
  4 gnolls
  7 adders
  A white imp (D:4)
  An ufetubus (D:4)
  A worm (D:3)
  2 dart slugs (D:4)
  2 bats (D:1)
  5 endoplasms
  4 giant cockroaches
  6 goblins
  7 hobgoblins
  A quokka (D:2)
  14 ball pythons
  A frilled lizard (D:3)
  9 kobolds
  2 rats
77 creatures vanquished.

Notes
Turn   | Place    | Note
-------+----------+-------------------------------------------
     0 | D:1      | Newt the Gargoyle Fighter began the quest for the Orb.
     0 | D:1      | Reached XP level 1. HP: 14/14 MP: 1/1
   359 | D:1      | Reached XP level 2. HP: 16/20 MP: 2/2
   945 | D:2      | Reached XP level 3. HP: 24/24 MP: 3/3
   984 | D:2      | Found a shadowy altar of Dithmenos.
  1043 | D:2      | Reached skill level 5 in Fighting
  1118 | D:2      | Noticed Jessica
  1124 | D:2      | Killed Jessica
  1125 | D:2      | Reached XP level 4. HP: 30/31 MP: 4/4
  1624 | D:3      | Noticed an ogre
  1728 | D:3      | Reached XP level 5. HP: 35/35 MP: 5/5
  1773 | D:3      | Killed an ogre
  2103 | D:3      | Reached skill level 5 in Maces & Flails
  2103 | D:3      | Reached XP level 6. HP: 26/40 MP: 6/6
  2744 | D:4      | Reached skill level 4 in Armour
  2771 | D:4      | Reached skill level 5 in Armour
  3074 | D:4      | Found a transporter.
  3077 | D:4      | Noticed cforsyth's ghost (novice DjCK)
  3095 | D:4      | Found a transporter.
  3398 | D:4      | Reached XP level 7. HP: 44/44 MP: 7/7
  3683 | D:5      | Entered Level 5 of the Dungeon
  3816 | D:5      | Reached skill level 6 in Armour
  3914 | D:5      | Found a blossoming altar of Fedhas.
  3916 | D:5      | Found a stormy altar of Qazlal.
  3940 | D:5      | Found a radiant altar of Vehumet.
  3953 | D:5      | Slain by a gnoll

Illustrated notes

Levels and vault maps discovered:
D:1:      tarquinn_simple_flora_water_d, layout_basic
D:2:      layout_loops_cross, basic_altar, minmay_misc_feat_hallway,
          kennysheep_nub, uniq_jessica
D:3:      layout_rooms
D:4:      layout_basic, gammafunk_ghost_arena, hangedman_decor_points
D:5:      layout_layer_cave, slow_altar_2, ashenzari_conservatory_becter,
          nzn_wu_jian_council_hall, gammafunk_temple_overflow_forgotten,
          serial_glass, glass_columns_a, glass_columns_a,
          minmay_strange_pillars, item_on_display_b, item_on_display_b

Skill      XL: |  1  2  3  4  5  6  7 |
---------------+----------------------+-----
Fighting       | 4 5 |  5.0
Maces & Flails | 3 5 |  5.9
Armour         | 5 6 |  6.0
Shields        | |  3.2

Action                     |  1- 3 |  4- 6 |  7- 9 || total
---------------------------+-------+-------+-------++-------
  Melee: Flail             |    84 |   156 |    49 ||   289
  Throw: Javelin           |       |     2 |     1 ||     3
    Use: Scroll            |     3 |     8 |     1 ||    12
         Potion            |       |       |     1 ||     1
   Stab: Distracted        |       |     1 |       ||     1
 Armour: Scale mail        |    61 |   154 |    66 ||   281
  Dodge: Dodged            |    40 |   110 |    30 ||   180
  Block: Buckler           |    15 |    46 |    19 ||    80

Table legend: (Time is in decaauts)
 A = Elapsed time spent in this place.
 B = Non-inter-level travel time spent in this place.
 C = Inter-level travel time spent in this place.
 D = Time resting spent in this place.
 E = Time spent auto-exploring this place.
 F = Levels seen in this place.
 G = Mean time per level.
                   A        B        C        D        E       F      G
               +--------+--------+--------+--------+--------+-----+--------+
         Total |   4027 |   3833 |    194 |    958 |   2145 |   5 |  805.4 |
       Dungeon |   4027 |   3833 |    194 |    958 |   2145 |   5 |  805.4 |
               +--------+--------+--------+--------+--------+-----+--------+

Top non-repeatable levels by time:
     D:4: 1116 daAuts
     D:1: 953 daAuts
     D:3: 906 daAuts
     D:2: 898 daAuts
     D:5: 152 daAuts
